 Dungeon Crawl Stone Soup version 0.31.0-9-g3a7656b989 (webtiles) character file.

Game seed: 4593645197184379961

2261233 kuniqs the Rapturous (level 27, 169/169 HPs)
             Began as a Vine Stalker Berserker on Feb 1, 2024.
             Was a Follower of Uskayaw.
             Escaped with the Orb
             ... and 3 runes
             ... and 2 gems!
             The game lasted 01:44:21 (48078 turns).

kuniqs the Rapturous (Vine Stalker Berserker)      Turns: 48078, Time: 01:44:21

Health: 169/169    AC: 47    Str: 30    XL:     27
Magic:  35/35      EV: 25    Int:  6    God:    Uskayaw [*.....]
Gold:   6225       SH: 31    Dex: 21    Spells: 25/26 levels left

rFire   + . .        l - +9 quick blade (drain)
rCold   + . .        g - +8 tower shield {AC+3}
rNeg    + + +        J - +9 pearl dragon scales
rPois   +            G - +0 mask of the Dragon {Will+ Slay+3 SInv}
rElec   +            V - scarf {rC+ rF+}
rCorr   +            N - +2 pair of gloves of the Maze {rPois Will+ rCorr Str+3}
SInv    +            Y - +3 pair of mountain boots {steadfast, rC+}
Will    +++++        L - amulet "Qonausua" {rN+ Regen+ Str+2 Dex+2 SInv}
Stlth   +            D - ring "Kelaaf Ihou" {+Blink rC- AC+4 Str-5 Slay+6}
HPRegen 2.08/turn    X - ring "Viulul" {rElec rN+ AC+4 Int-4}
MPRegen 0.24/turn

%: guardian spirit
@: studying Unarmed Combat
A: fangs 3, regeneration 1, magic shield, antimagic bite, no potion heal 2,
clever 1, low MP 1, robust 1, strong 1
0: Orb of Zot
}: 3/15 runes: barnacled, silver, gossamer
a: Renounce Religion, Evoke Blink, Stomp


You escaped.
You worshipped Uskayaw.
Uskayaw was greatly pleased with you.
You visited 11 branches of the dungeon, and saw 51 of its levels.
You visited 2 bazaars.
You also visited: Ossuary, Bailey, Gauntlet, Ice Cave and Desolation.

You collected 10771 gold pieces.
You spent 4546 gold pieces at shops.

Inventory:

Hand Weapons
 l - a +9 quick blade of draining (weapon)
 F - a +9 quick blade of freezing
Missiles
 p - 8 throwing nets (quivered)
Armour
 f - the +4 dragonskin cloak
   (You took it off Tiamat on level 3 of the Realm of Zot)

   Avatar's Aegis: It grants the wearer a chance to resist fire, cold, poison,
   electricity, acid, and negative energy.
 g - a +8 tower shield of protection (worn)
 E - the +1 cloak "Paskasakk" {Str+2 Int+4}
   (You found it in the Desolation of Salt)

   Str+2:     It affects your strength (+2).
   Int+4:     It affects your intelligence (+4).
 G - the +0 mask of the Dragon (worn) {Will+ Slay+3 SInv}
   (You bought it in a shop on level 2 of the Orcish Mines)

   Slay+3:    It affects your accuracy & damage with ranged weapons and melee
   (+3).
   Will+:     It increases your willpower.
   SInv:      It lets you see invisible.
 J - +9 pearl dragon scales (worn)
 N - the +2 pair of gloves of the Maze (worn) {rPois Will+ rCorr Str+3}
   (You found it on level 2 of the Vaults)

   Str+3:     It affects your strength (+3).
   rPois:     It protects you from poison Will+: It increases your willpower.
   rCorr:     It protects you from acid and corrosion.
 V - a scarf of resistance (worn)
 Y - the +3 pair of mountain boots (worn) {steadfast, rC+}
   (You found it in the Desolation of Salt)

   Steadfast: It prevents involuntary movement, except for blinking,
   teleportation, or banishment.
   rC+:       It protects you from cold.
Jewellery
 b - the amulet of Oczaukk {Reflect rPois rN+ SH+5}
   (You acquired it on level 7 of the Dungeon)

   [amulet of reflection]

   Reflect:   It reflects blocked missile attacks.
   rPois:     It protects you from poison rN+: It protects you from negative
   energy.
   SH+5:      It affects your SH (+5).
 c - the ring of Peuptuvo {^Contam *Slow rF+++ rC+ Will+}
   (You acquired it on level 13 of the Dungeon)

   [ring of willpower]

   rF+++:     It renders you almost immune to fire.
   rC+:       It protects you from cold.
   Will+:     It increases your willpower.
   ^Contam:   It causes magical contamination when unequipped.
   *Slow:     It may slow you when you take damage.
 r - the ring "Ohu Yhopt" {rC+ Str-2 Int+5 Dex+3 Slay+6}
   (You found it on level 5 of the Vaults)

   [ring of protection from cold]

   Str-2:     It affects your strength (-2).
   Int+5:     It affects your intelligence (+5).
   Dex+3:     It affects your dexterity (+3).
   Slay+6:    It affects your accuracy & damage with ranged weapons and melee
   (+6).
   rC+:       It protects you from cold.
 C - the ring "Yckoclof" {rF+ EV+5 Int-3 Dex+3}
   (You bought it in a shop on level 1 of the Orcish Mines)

   [ring of evasion]

   EV+5:      It affects your evasion (+5).
   Int-3:     It affects your intelligence (-3).
   Dex+3:     It affects your dexterity (+3).
   rF+:       It protects you from fire.
 D - the ring "Kelaaf Ihou" (left hand) {+Blink rC- AC+4 Str-5 Slay+6}
   (You found it in the Desolation of Salt)

   [ring of protection]

   AC+4:      It affects your AC (+4).
   Str-5:     It affects your strength (-5).
   Slay+6:    It affects your accuracy & damage with ranged weapons and melee
   (+6).
   rC-:       It makes you vulnerable to cold.
   +Blink:    It lets you blink.
 L - the amulet "Qonausua" (around neck) {rN+ Regen+ Str+2 Dex+2 SInv}
   (You took it off a yaktaur captain on level 5 of the Vaults)

   [amulet of regeneration]

   Str+2:     It affects your strength (+2).
   Dex+2:     It affects your dexterity (+2).
   rN+:       It protects you from negative energy.
   SInv:      It lets you see invisible.
   Regen+:    It increases your rate of health regeneration.
 X - the ring "Viulul" (right hand) {rElec rN+ AC+4 Int-4}
   (You bought it in a shop on level 1 of the Orcish Mines)

   [ring of protection]

   AC+4:      It affects your AC (+4).
   Int-4:     It affects your intelligence (-4).
   rElec:     It insulates you from electricity.
   rN+:       It protects you from negative energy.
Wands
 k - a wand of digging (16)
 x - a wand of iceblast (73)
 A - a wand of acid (16)
Scrolls
 e - 5 scrolls of summoning
 j - 35 scrolls of teleportation
 q - 4 scrolls of silence
 s - 5 scrolls of poison
 v - 10 scrolls of fear
 y - 13 scrolls of blinking
 H - 9 scrolls of immolation
 I - 10 scrolls of fog
Potions
 a - 9 potions of cancellation
 d - 9 potions of enlightenment
 i - 21 potions of curing {@q1}
 t - 16 potions of mutation
 u - 9 potions of haste
 w - 11 potions of attraction
 B - 5 potions of resistance
 O - 10 potions of might
 Q - 5 potions of berserk rage
 R - 5 potions of magic
 U - 5 potions of invisibility
Miscellaneous
 h - a phantom mirror
 o - a phial of floods
 z - a lightning rod (4/4)
 K - a sack of spiders


   Skills:
 - Level 19.0 Fighting
 - Level 14.0 Short Blades
 + Level 20.1 Armour
 + Level 20.8 Dodging
 - Level 8.0 Stealth
 - Level 20.1 Shields
 - Level 22.0 Invocations
 - Level 5.0 Evocations


You had 25 spell levels left.
You knew the following spells:

 Your Spells              Type           Power      Damage    Failure   Level
a - Apportation           Tloc           0%         N/A       77%         1

Your spell library contained the following spells:

 Spells                   Type           Power      Damage    Failure   Level
 Jinxbite                 Hex            0%         N/A       88%         2
 Alistair's Intoxication  Alch           0%         N/A       100%        5


Dungeon Overview and Level Annotations

Branches:
Dungeon (15/15)            Temple (1/1) D:4            Lair (5/5) D:9
 Shoals (4/4) Lair:2       Spider (4/4) Lair:2        Slime (0/5) Lair:4
    Orc (2/2) D:11            Elf (3/3) Orc:2        Vaults (5/5) D:13
  Crypt (3/3) Vaults:2       Tomb (0/3) Crypt:3      Depths (4/4) D:15
    Zot (5/5) Depths:4    Ossuary (visited)          Bailey (visited)
  IceCv (visited)         Desolation (visited)      Gauntlet (visited)

Altars:
Ashenzari
Cheibriados
Dithmenos
Elyvilon
Fedhas
Gozag
Hepliaklqana
Kikubaaqudgha
Makhleb
Nemelex Xobeh
Okawaru
Qazlal
Ru
Sif Muna
Trog
Uskayaw
Vehumet
Wu Jian
Xom
Yredelemnul
Zin
The Shining One
Jiyva

Shops:
D:10 =   Orc:1 =   Orc:2 !==*   Shoals:1 (   Vaults:2 =   Vaults:3 [
Vaults:5 ??

Portals:
Hell: Depths:1 Depths:2 Depths:3 Depths:4
Abyss: Depths:3 Depths:4
Pandemonium: Depths:2 Depths:3
Ziggurat: Depths:4

Annotations:
D:10 fly
D:15 2 transporters, MadAsgardian's ghost, journeyman TrMo
Shoals:3 3 runed translucent doors, Tinttamiau's ghost, adept FeSu; kalagan's ghost, adept DECj
Spider:4 Roxanne
Zot:3 2 transporters, Toelubet's ghost, veteran CeHu


Innate Abilities, Weirdness & Mutations

You have razor-sharp teeth.
Your natural rate of healing is unusually fast.
When hurt, damage is shared between your health and your magic reserves.
Your bite disrupts and absorbs the magic of your enemies.
Potions cannot restore your health.
Your mind is acute. (Int +4, Str/Dex -1)
Your magical capacity is low. (-10% MP)
You are robust. (+10% HP)
Your muscles are strong. (Str +4, Int/Dex -1)


Message History

There is a stone staircase leading up, spattered with blood here.
You see here a +0 club.
You climb upwards.
There is a stone staircase leading down, spattered with blood here.
There is a stone staircase leading up here.
You climb upwards.
There is a stone staircase leading down here.
There is a stone staircase leading up here.
You climb upwards.
There is a stone staircase leading down here.
A balrug and 2 sun demons come into view.
The balrug is wielding a +1 demon whip of venom.
You impale the sun demon!! You bite the sun demon! You drain its power.
You puncture the sun demon! Your bite misses the sun demon.
The sun demon is almost dead.
You closely miss the sun demon. Your bite misses the sun demon.
You hit the sun demon but do no damage. You bite the sun demon.
You kill the sun demon!
You block the balrug's attack.
You puncture the balrug! You bite the balrug!!
The balrug's magic leaks into the air.
You drain its magic. You puncture the balrug! You bite the balrug!
The balrug's magic leaks into the air.
You drain its magic.
The balrug is almost dead.
The balrug falters for a moment.
You can now pass through a line of other dancers.
You puncture the balrug!
You kill the balrug!
You impale the sun demon!! You bite the sun demon!! You drain its power.
You hit the sun demon. You bite the sun demon!
You kill the sun demon!
Uskayaw will force your foes to helplessly watch your dance.
No target in view!
No target in view!
No target in view!
No target in view!
You see here a +1 demon whip of venom.
You see here 5 large rocks.
There is a staircase leading out of the dungeon here.
You have escaped!

## #...#.....#...#...##.#
###.#.###.###.###.##.#
#...# #...#.....##.# ##
#.#.###.#.#####.##.# .#
#.#.....#.#...#....#
.#########.#######.####.#
.#...#.....# #...#...##.#
##.#.#.#.#####.#.###.##.#
...#...#...#...#@# #....#
####.#####.#.#######.####
....)# #...##......#
###### #############


There were no monsters in sight!

Vanquished Creatures
  Tiamat (Zot:3)
  3 dread liches
  3 ancient liches
  Mennas (Depths:3)
  5 orbs of fire (Zot:5)
  Mara (Depths:3)
  The ghost of Synox the Slayer, a legendary FoFi of Ru (Vaults:2)
  A juggernaut (Depths:2)
  Xtahua (Vaults:4)
  Vv (Crypt:1)
  Boris (Depths:3)
  The ghost of Heoriaro the Bludgeoner, a legendary GnFi of Cheibriados (Zot:1)
  Saint Roka (Depths:2)
  3 Killer Klowns
  A curse toe (Zot:3)
  Margery (Depths:3)
  Nikola (Spider:1)
  12 golden dragons
  Jory (Crypt:3)
  4 bone dragons
  A shard shrike zombie (Crypt:3)
  A hellephant (Depths:3)
  An electric golem (Zot:5)
  A Hell Sentinel (D:11)
  14 tentacled monstrosities
  Jorgrun (D:15)
  An Ice Fiend (Zot:1)
  23 Orb Guardians
  6 liches
  2 deep elf master archers (Elf:3)
  A walking earthen tome (Depths:4)
  3 deep elf blademasters
  4 titans
  The ghost of Beorghan the Bludgeoner, an adept MiBe of Trog (Spider:3)
  6 sphinxes
  5 quicksilver dragons
  7 death cobs
  3 ancient champions
  Agnes (Spider:4)
  Aizul (Spider:2)
  7 tengu reavers
  17 storm dragons
  A protean progenitor (Zot:2)
  Donald (Spider:4)
  5 draconian knights
  4 imperial myrmidons (Desolation)
  12 shadow dragons
  10 fire giants
  A revenant (Crypt:2)
  14 frost giants
  7 emperor scorpions
  2 draconian monks
  6 draconian scorchers
  3 draconian shifters
  2 iron dragons
  2 ghost moths (Spider:3)
  A balrug (D:1)
  4 reapers
  3 deep elf sorcerers
  13 vault wardens
  Louise (Spider:4)
  2 ghouls (Crypt:1)
  2 deep elf elementalists
  7 angels
  A caustic shrike zombie (Crypt:2)
  3 draconian stormcallers
  4 curse skulls
  4 orc warlords
  12 ironbound preservers
  2 cacodemons
  2 formless jellyfish
  3 draconian annihilators
  28 very ugly things
  7 ironbound thunderhulks
  A broodmother (Spider:4)
  26 stone giants
  Nessos (Orc:2)
  A halazid warlock (Desolation)
  A juggernaut skeleton (Crypt:3)
  5 vampire knights
  6 green draconians
  16 deep elf death magi
  5 war gargoyles
  15 black draconians
  9 purple draconians
  8 white draconians
  7 deep elf demonologists (Elf:3)
  2 minotaurs
  11 deep elf annihilators
  4 spark wasps
  10 yellow draconians
  8 red draconians
  11 dire elephants
  2 quicksilver dragon zombies (Crypt:3)
  The ghost of Sadonosm the Carver, a journeyman DgSk (Lair:3)
  10 ettins
  9 merfolk impalers
  7 deep elf high priests
  A mummy priest (Crypt:3)
  8 eidola
  6 crystal guardians
  19 yaktaur captains
  10 ragged hierophants (Desolation)
  Josephine (D:15)
  Harold (Lair:1)
  11 fire dragons
  5 merfolk javelineers
  33 vault guards
  9 entropy weavers
  9 jiangshi
  5 spriggan zombies
  5 servants of whispers (Desolation)
  The ghost of CapUranus the Cleaver, a journeyman GrFi of Gozag (D:13)
  7 peacekeepers
  5 rakshasas
  4 great orbs of eyes
  A quicksilver dragon skeleton (Crypt:1)
  7 ice dragons
  2 catoblepae
  Erica (D:10)
  5 spriggan air magi
  3 hydras
  6 merfolk aquamancers (Shoals:4)
  2 alligator snapping turtles
  3 ironbound frosthearts
  7 boulder beetles
  4 merfolk avatars (Shoals:3)
  2 ogre magi
  3 satyrs
  A two-headed ogre (shapeshifter) (Vaults:2)
  A hell beast (Depths:4)
  27 dancing weapons
  A spriggan skeleton (Crypt:3)
  7 death knights
  15 centaur warriors
  3 jorogumos
  12 two-headed ogres
  7 tengu warriors
  4 deep troll shamans
  2 hell hogs (Lair:5)
  4 demonic crawlers
  A titan zombie (Crypt:3)
  6 vampire magi
  15 death yaks
  4 orc high priests
  3 spriggan berserkers
  2 occultists
  15 hell knights
  A storm dragon zombie (Crypt:2)
  4 deep troll earth magi
  5 soul eaters
  2 sun demons (D:1)
  8 skysharks
  A salamander mystic (Depths:4)
  14 deep elf knights
  8 pharaoh ants
  31 deep trolls
  7 iron trolls
  A quicksilver dragon simulacrum (Vaults:1)
  A sun moth (shapeshifter) (Vaults:5)
  15 skeletal warriors
  9 sea snakes
  2 death drakes (shapeshifter)
  4 flayed ghosts
  A golden dragon zombie (Crypt:2)
  A shadow demon (Depths:2)
  2 iron giant zombies (Crypt:3)
  5 cherubim (Shoals:4)
  7 glowing orange brains
  A storm dragon skeleton (Crypt:3)
  A swamp dragon (Zot:3)
  11 orb spiders
  2 shadow dragon zombies
  A glowing orange brain (shapeshifter) (Vaults:3)
  3 sun moths
  10 steelbarb worms
  15 ironbound convokers
  An obsidian statue (Zot:3)
  A steelbarb worm (shapeshifter) (Vaults:5)
  12 arcanists
  27 harpies
  21 phantasmal warriors
  8 wolf spiders
  An anaconda skeleton (Crypt:1)
  6 lindwurms
  15 orc knights
  An iron giant skeleton (Crypt:1)
  A lightning spire (Zot:3)
  10 deep elf archers
  A faun (shapeshifter) (Vaults:5)
  An alligator zombie (Crypt:3)
  20 deep elf pyromancers
  22 necromancers
  32 cyclopes
  15 deep elf zephyrmancers
  An iron dragon zombie (Crypt:1)
  4 orc sorcerers
  A stone giant zombie (Crypt:1)
  9 oklob plants
  4 salamanders (Depths:4)
  28 moths of wrath
  15 meliai
  8 elephants
  6 large abominations
  48 ugly things
  A stone giant skeleton (Crypt:1)
  An iron dragon skeleton (Crypt:1)
  7 merfolk sirens
  A meliai (shapeshifter) (Vaults:2)
  11 manticores
  A guardian serpent (Desolation)
  2 human skeletons
  21 fauns
  6 kobold blastminers
  5 water nymphs
  A torpor snail (shapeshifter) (Vaults:5)
  8 torpor snails
  5 centaur skeletons
  An orange demon (Zot:3)
  8 cane toads
  2 dire elephant zombies
  7 black mambas
  Joseph (Lair:1)
  3 molten gargoyles
  2 ice statues (IceCv)
  24 vault sentinels
  An unseen horror (shapeshifter) (Vaults:5)
  A gargoyle (Gauntlet)
  2 unseen horrors
  25 yaktaurs
  A white draconian zombie (Crypt:1)
  4 kobold demonologists
  3 rime drakes
  16 freezing wraiths
  An efreet (D:13)
  A dire elephant skeleton (Crypt:3)
  2 mana viper skeletons (Crypt:2)
  2 tormentors
  11 komodo dragons
  A guardian mummy (Crypt:3)
  A bunyip simulacrum (Crypt:1)
  3 red devils (D:11)
  8 ice devils
  5 tengu conjurers
  An alligator snapping turtle skeleton (Crypt:3)
  10 trolls
  A merfolk (shapeshifter) (Depths:1)
  5 harpy zombies
  2 tyrant leeches (Zot:2)
  A black draconian skeleton (Crypt:1)
  14 hellwings
  8 wind drakes
  13 polar bears
  A wind drake (shapeshifter) (Vaults:2)
  23 merfolk
  A wolf spider simulacrum (D:13)
  A hornet (shapeshifter) (Vaults:2)
  2 harpy skeletons
  5 blink frogs (Lair:2)
  3 hornets
  29 tarantellas
  A tarantella (shapeshifter) (Vaults:2)
  46 saltlings (Desolation)
  9 snapping turtles
  3 glass eyes (Depths:2)
  A guardian serpent zombie (Crypt:2)
  A fire dragon zombie (Crypt:3)
  17 dream sheep
  An ettin zombie (Crypt:2)
  A glass eye (shapeshifter) (Zot:2)
  37 jumping spiders
  A human simulacrum (Vaults:1)
  6 water elementals
  2 air elementals
  14 wraiths
  5 centaur simulacra
  19 culicivoras
  A shadow (D:13)
  7 slime creatures
  3 vampires
  Eustachio (D:5)
  8 basilisks
  5 fire elementals
  4 wargs (Orc:1)
  8 wyverns
  An ushabti (Crypt:3)
  3 steam dragons
  54 yaks
  38 redbacks
  6 vampire mosquitoes
  A neqoxec (Zot:1)
  A harpy simulacrum (IceCv)
  2 chaos spawn (Zot:2)
  A faun zombie (Crypt:2)
  3 acid dragons
  Edmund (D:4)
  15 water moccasins
  A hydra simulacrum (IceCv)
  5 hell hounds (Lair:5)
  4 naga skeletons (Crypt:3)
  A faun skeleton (Crypt:1)
  48 orc warriors
  2 meliai simulacra (D:13)
  A demonspawn skeleton (Crypt:2)
  A sky beast (D:6)
  2 ice beasts
  17 black bears
  4 laughing skulls
  20 ogres
  21 wolves
  A hog zombie (Crypt:1)
  16 centaurs
  A hog skeleton (Crypt:1)
  A phantom (D:3)
  A brain worm (shapeshifter) (Vaults:2)
  2 kobold brigands
  2 elf zombies (Ossuary)
  3 earth elementals (Elf:2)
  8 bullfrogs
  2 gnoll sergeants
  A necrophage (Crypt:1)
  3 two-headed ogre simulacra (IceCv)
  4 scorpions
  3 cane toad simulacra (IceCv)
  An elf skeleton (D:4)
  A water moccasin skeleton (Crypt:1)
  6 wyvern skeletons (Crypt:3)
  An elephant simulacrum (IceCv)
  27 killer bees
  3 howler monkeys
  8 electric eels
  A troll skeleton (Crypt:2)
  3 bombardier beetles
  4 lava snakes (Lair:5)
  4 centaur zombies
  4 jellies
  5 human zombies
  2 gnoll boudas
  7 hounds
  15 orc priests
  Ijyb (D:4)
  2 iguanas (D:5)
  16 orc wizards
  6 spriggan simulacra (IceCv)
  A troll simulacrum (IceCv)
  7 hell rats (Lair:5)
  A wolf simulacrum (IceCv)
  2 naga zombies (Crypt:1)
  A sky beast zombie (Crypt:2)
  6 hound zombies (Ossuary)
  3 mummies
  Robin (D:4)
  18 gnolls
  3 adders (D:5)
  A naga simulacrum (IceCv)
  A shadow imp (D:7)
  A white imp (IceCv)
  3 ufetubi
  4 adder zombies (Ossuary)
  4 dart slugs
  4 ribbon worms
  61 orcs
  4 ball pythons
  7 endoplasms
  3 giant cockroaches
  16 goblins
  18 hobgoblins
  16 kobolds
  7 quokkas
  2 bats
  5 frilled lizards
  6 gnoll zombies (Ossuary)
  5 jackal zombies (Ossuary)
  5 kobold zombies (Ossuary)
  3 orc skeletons
  7 orc zombies
  2 rats
  2 butterflies
2479 creatures vanquished.

Vanquished Creatures (collateral kills)
  Arachne (Spider:2)
  Rupert (D:15)
  An entropy weaver (Spider:4)
  A demonic crawler (Spider:4)
  3 steelbarb worms
  An orc knight (Bailey)
  2 ice devils (IceCv)
  4 saltlings (Desolation)
  A redback (Spider:2)
  A death yak simulacrum (IceCv)
  A two-headed ogre simulacrum (IceCv)
  A polar bear simulacrum (IceCv)
18 creatures vanquished.

Vanquished Creatures (others)
  A centaur warrior (Vaults:2)
  A sun moth (Spider:1)
  A deep elf pyromancer (Elf:2)
  2 orc sorcerers
  A jumping spider (Spider:1)
  2 orc wizards
8 creatures vanquished.

Grand Total: 2505 creatures vanquished

Notes
Turn   | Place    | Note
-------+----------+-------------------------------------------
     0 | D:1      | kuniqs the Vine Stalker Berserker began the quest for the
                  | Orb.
     0 | D:1      | Reached XP level 1. HP: 11/11 MP: 2/2
   146 | D:1      | Reached XP level 2. HP: 15/16 MP: 1/3
   402 | D:1      | Reached XP level 3. HP: 19/19 MP: 4/4
   515 | D:1      | Reached skill level 1 in Invocations
   519 | D:1      | Reached ** piety under Trog
   961 | D:2      | Reached XP level 4. HP: 24/24 MP: 4/6
  1490 | D:3      | Found a shadowy altar of Dithmenos.
  1854 | D:3      | Reached XP level 5. HP: 28/28 MP: 5/7
  2169 | D:3      | Noticed a phantom
  2199 | D:3      | Killed a phantom
  2200 | D:3      | Reached skill level 2 in Invocations
  2378 | D:4      | Reached XP level 6. HP: 33/33 MP: 8/8
  2436 | D:4      | Noticed Edmund
  2453 | D:4      | Killed Edmund
  2561 | D:4      | Reached skill level 5 in Short Blades
  2585 | D:4      | Reached skill level 3 in Invocations
  2585 | D:4      | Reached XP level 7. HP: 37/37 MP: 8/10
  2587 | D:4      | Found a sand-covered staircase.
  2592 | Ossuary  | Entered an ossuary
  2802 | Ossuary  | Reached *** piety under Trog
  3007 | Ossuary  | Gained mutation: You have razor-sharp teeth. [Vine Stalker
                  | growth]
  3007 | Ossuary  | Reached XP level 8. HP: 42/42 MP: 9/11
  3139 | D:4      | Gained mutation: Your muscles are strong. (Str +4, Int/Dex
                  | -1) [potion of mutation]
  3139 | D:4      | Gained mutation: Your mind is acute. (Int +4, Str/Dex -1)
                  | [potion of mutation]
  3139 | D:4      | Gained mutation: You are robust. (+10% HP) [potion of
                  | mutation]
  3155 | D:4      | Noticed Robin
  3165 | D:4      | Reached skill level 4 in Invocations
  3212 | D:4      | Killed Robin
  3256 | D:4      | Noticed Ijyb
  3263 | D:4      | Killed Ijyb
  3278 | D:4      | Found a staircase to the Ecumenical Temple.
  3325 | Temple   | Entered the Ecumenical Temple
  3369 | D:4      | Found a snail-covered altar of Cheibriados.
  3377 | D:4      | Reached skill level 5 in Fighting
  3388 | D:4      | Reached skill level 1 in Evocations
  3454 | D:4      | Found a burning altar of Makhleb.
  3591 | D:5      | Entered Level 5 of the Dungeon
  3638 | D:5      | Noticed Eustachio
  3689 | D:5      | Killed Eustachio
  3838 | D:5      | Reached **** piety under Trog
  4078 | D:5      | Identified a scroll of acquirement
  4089 | D:5      | Acquired a +4 antimagic quick blade
  4160 | D:5      | Reached skill level 5 in Invocations
  4160 | D:5      | Reached XP level 9. HP: 51/51 MP: 4/13
  5085 | D:7      | Found a flagged portal.
  5106 | D:7      | Identified the +1 hand axe "Ziopt" {freeze, rF- rN+++ MP+9
                  | Int+2}
  5109 | D:7      | Identified the +6 hand axe "Raqod" {freeze, rCorr}
  5124 | Bailey   | Entered a bailey
  5256 | Bailey   | Noticed an orc knight
  5262 | Bailey   | Killed an orc knight
  5311 | Bailey   | Reached XP level 10. HP: 53/58 MP: 4/14
  5345 | Bailey   | Acquired the amulet of Nehil {Reflect Str+2 Int+3 SH+5}
  5393 | Bailey   | Noticed an orc knight
  5404 | Bailey   | Killed an orc knight
  5518 | Bailey   | Noticed an orc knight
  5530 | Bailey   | Killed an orc knight
  5650 | Bailey   | Noticed a kobold demonologist
  5665 | Bailey   | Killed a kobold demonologist
  5666 | Bailey   | Reached skill level 5 in Evocations
  5674 | Bailey   | Noticed a kobold demonologist
  5689 | Bailey   | Killed a kobold demonologist
  5690 | Bailey   | Identified the +7 falchion of Classification {venom, rC+
                  | Str-2 Dex+7}
  5699 | Bailey   | Reached ***** piety under Trog
  5706 | Bailey   | Found an iron altar of Okawaru.
  5731 | Bailey   | Identified the +3 ring mail of Liberalism {rF+ Will+}
  5802 | Bailey   | Reached skill level 10 in Short Blades
  5811 | D:7      | Acquired the amulet of Oczaukk {Reflect rPois rN+ SH+5}
  6614 | D:8      | Found an ornate altar of the Wu Jian Council.
  6791 | D:8      | Reached XP level 11. HP: 43/64 MP: 15/15
  7066 | D:8      | Received a gift from Trog
  7297 | D:8      | Found a white marble altar of Elyvilon.
  7709 | D:9      | Found a staircase to the Lair.
  7769 | D:9      | Noticed a two-headed ogre
  7781 | D:9      | Killed a two-headed ogre
  7967 | D:9      | Reached skill level 6 in Invocations
  8281 | D:10     | Entered Level 10 of the Dungeon
  8292 | D:10     | Found an opulent altar of Gozag.
  8327 | D:10     | Identified the maw talisman "Eniss" {rPois rF+}
  8366 | D:10     | Noticed a two-headed ogre
  8371 | D:10     | Killed a two-headed ogre
  8400 | D:10     | Noticed a lindwurm
  8400 | D:10     | Noticed a lindwurm
  8406 | D:10     | fly
  8549 | D:10     | Found Myclocw's Jewellery Shoppe.
  8555 | D:10     | Bought a +5 ring of evasion for 540 gold pieces
  8564 | D:10     | Noticed a lindwurm
  8565 | D:10     | Noticed a lindwurm
  8655 | D:10     | Noticed Erica
  8656 | D:10     | Reached skill level 5 in Armour
  8665 | D:10     | Killed Erica
  8687 | D:10     | Reached XP level 12. HP: 71/71 MP: 17/17
  9031 | D:11     | Noticed a two-headed ogre
  9037 | D:11     | Killed a two-headed ogre
  9370 | D:11     | Reached skill level 7 in Invocations
  9487 | D:11     | Found a staircase to the Orcish Mines.
  9676 | D:12     | Identified the +7 trident of Painful Death {elec, ^Contam
                  | rF+ Will+ SInv}
  9684 | D:12     | Found a frozen archway.
  9721 | IceCv    | Entered an ice cave
 10085 | IceCv    | Noticed a reaper
 10098 | IceCv    | Killed a reaper
 10099 | IceCv    | Reached skill level 5 in Dodging
 10139 | IceCv    | Found the +4 skin of Zhor {*Englaciate rC+++ SInv}
 10276 | D:12     | Reached XP level 13. HP: 77/77 MP: 19/19
 10466 | D:12     | Reached skill level 8 in Invocations
 10627 | D:12     | You fall into a shaft and drop 1 floor!
 10692 | D:13     | Found a gate leading to a gauntlet.
 10693 | D:13     | Found a runed translucent gate.
 10693 | D:13     | Found a runed translucent gate.
 10694 | D:13     | Found a runed translucent gate.
 10705 | Gauntlet | Entered a Gauntlet
 10705 | Gauntlet | Found a large runed translucent door.
 10705 | Gauntlet | Found a large runed translucent door.
 10705 | Gauntlet | Found a large runed translucent door.
 10705 | Gauntlet | Found a large runed translucent door.
 10705 | Gauntlet | Found a large runed translucent door.
 10705 | Gauntlet | Found a large runed translucent door.
 10705 | Gauntlet | Found a runed translucent door.
 10705 | Gauntlet | Found a transporter.
 10705 | Gauntlet | Found a transporter.
 10705 | Gauntlet | Found a runed translucent door.
 10705 | Gauntlet | Found a large runed translucent door.
 10705 | Gauntlet | Found a large runed translucent door.
 10705 | Gauntlet | Found a large runed translucent door.
 10705 | Gauntlet | Found a large runed translucent door.
 10705 | Gauntlet | Found a large runed translucent door.
 10705 | Gauntlet | Found a large runed translucent door.
 10709 | Gauntlet | Found a transporter.
 10710 | Gauntlet | Found a transporter.
 10717 | Gauntlet | Found a transporter.
 10727 | Gauntlet | Found a large runed translucent door.
 10734 | Gauntlet | Found a transporter.
 10735 | Gauntlet | Found the +3 pair of seven-league boots {Rampage+∞}
 10737 | Gauntlet | Found a transporter.
 10737 | Gauntlet | Found a transporter.
 10738 | Gauntlet | Noticed a dire elephant
 10740 | Gauntlet | Found a transporter.
 10777 | Gauntlet | Found a transporter.
 10780 | Gauntlet | Found a transporter.
 10796 | Gauntlet | Found a large runed translucent door.
 10798 | Gauntlet | Found a runed translucent gate.
 10799 | Gauntlet | Found a runed translucent gate.
 10800 | Gauntlet | Found a transporter.
 10800 | Gauntlet | Found a runed translucent gate.
 10808 | Gauntlet | Found a large runed translucent door.
 10809 | Gauntlet | Found a large runed translucent door.
 10835 | Gauntlet | Found a transporter.
 10837 | Gauntlet | Noticed an entropy weaver
 10852 | Gauntlet | Found a transporter.
 10954 | Gauntlet | Found a transporter.
 10956 | Gauntlet | Noticed a dire elephant
 10968 | Gauntlet | Found a transporter.
 11175 | Gauntlet | Killed an entropy weaver
 11212 | Gauntlet | Identified the ring of the Byakko {rCorr Int-4 Dex+5}
 11299 | Gauntlet | Identified the amulet "Ihig Qezee" {Reflect rN+ SH+5}
 11299 | Gauntlet | Noticed a minotaur
 11307 | Gauntlet | Killed a minotaur
 11361 | Gauntlet | Identified the +2 robe of Atouc {Dex+3}
 11397 | D:13     | Acquired the ring of Peuptuvo {^Contam *Slow rF+++ rC+
                  | Will+}
 11399 | D:13     | Acquired a manual of Dodging
 11411 | D:13     | Received a gift from Trog
 11453 | D:13     | Noticed CapUranus's ghost (journeyman GrFi)
 11461 | D:13     | Identified the +5 war axe "Geruh" {heavy, rF+}
 11539 | D:13     | Reached ****** piety under Trog
 11605 | D:13     | Found a gate to the Vaults.
 11606 | D:13     | Noticed a vault guard
 11612 | D:13     | Reached skill level 10 in Fighting
 11612 | D:13     | Reached skill level 1 in Shields
 11621 | D:13     | Killed a vault guard
 11860 | D:13     | Killed CapUranus's ghost
 11901 | D:13     | Identified the +5 scimitar of Hemouhar {flame, rElec rPois
                  | Str+2}
 11905 | D:13     | Got the ring "Bommis" {Fire *Slow +Blink rPois rCorr}
 12140 | D:13     | Reached XP level 14. HP: 84/84 MP: 21/21
 12671 | D:15     | Entered Level 15 of the Dungeon
 12671 | D:15     | Noticed Josephine
 12679 | D:15     | Killed Josephine
 12680 | D:15     | Reached skill level 9 in Invocations
 12754 | D:15     | Noticed MadAsgardian's ghost (journeyman TrMo)
 12758 | D:15     | Noticed Jorgrun
 12770 | D:15     | Killed Jorgrun
 12829 | D:15     | Found a transporter.
 12833 | D:15     | Found a transporter.
 12870 | D:15     | Reached skill level 5 in Shields
 13003 | D:15     | Identified the +8 war axe of the Pits of Slime {spect,
                  | rPois rC+ SInv}
 13060 | D:15     | Received a gift from Trog
 13101 | D:15     | Found a staircase to the Depths.
 13156 | D:15     | Noticed Rupert
 13165 | D:15     | Killed Rupert
 13629 | Lair:1   | Entered Level 1 of the Lair of Beasts
 13897 | Lair:1   | Noticed Harold
 13906 | Lair:1   | Killed Harold
 13907 | Lair:1   | Reached XP level 15. HP: 90/90 MP: 23/23
 14081 | Lair:1   | Noticed Joseph
 14090 | Lair:1   | Killed Joseph
 14293 | Lair:2   | Found a staircase to the Shoals.
 14454 | Lair:2   | Found a hole to the Spider Nest.
 14479 | Lair:2   | Reached skill level 10 in Invocations
 15223 | Lair:3   | Found a runed translucent gate.
 15223 | Lair:3   | Found a runed translucent gate.
 15223 | Lair:3   | Found a runed translucent gate.
 15226 | Lair:3   | Noticed Sadonosm's ghost (journeyman DgSk)
 15229 | Lair:3   | Found a viscous altar of Jiyva.
 15242 | Lair:3   | Killed Sadonosm's ghost
 15642 | Lair:4   | Acquired 883 gold pieces
 15860 | Lair:4   | Received a gift from Trog
 15964 | Lair:4   | Found a viscous altar of Jiyva.
 15964 | Lair:4   | Found a staircase to the Slime Pits.
 16461 | Lair:5   | Entered Level 5 of the Lair of Beasts
 16852 | Lair:5   | Reached XP level 16. HP: 96/96 MP: 25/25
 16858 | Lair:5   | Reached skill level 10 in Dodging
 17096 | Lair:5   | Found the +11 plutonium sword {^Contam Stlth-}
 17098 | Lair:5   | Found a large runed translucent door.
 17098 | Lair:5   | Found a large runed translucent door.
 17118 | Lair:5   | Reached skill level 11 in Invocations
 17161 | Lair:5   | Got an earthy gem with 383 turns to spare
 17709 | Orc:1    | Entered Level 1 of the Orcish Mines
 17750 | Orc:1    | Received a gift from Trog
 17874 | Orc:1    | Found Riublagh's Jewellery Shop.
 17885 | Orc:1    | Bought the ring "Viulul" {rElec rN+ AC+4 Int-4} for 641
                  | gold pieces
 17892 | Orc:1    | Bought the ring "Yckoclof" {rF+ EV+5 Int-3 Dex+3} for 700
                  | gold pieces
 18138 | Orc:2    | Entered Level 2 of the Orcish Mines
 18212 | Orc:2    | Reached skill level 10 in Shields
 18351 | Orc:2    | Noticed Nessos
 18360 | Orc:2    | Killed Nessos
 18380 | Orc:2    | Received a gift from Trog
 18551 | Orc:2    | Found a staircase to the Elven Halls.
 18676 | Orc:2    | Found Zodwih's Jewellery Shop.
 18676 | Orc:2    | Found Gawkun's Jewellery Shoppe.
 18678 | Orc:2    | Found Vimir's Assorted Antiques.
 18680 | Orc:2    | Found Ihidauso's Distillery.
 18687 | Orc:2    | Bought a coppery potion for 22 gold pieces
 18692 | Orc:2    | Bought a potion of resistance for 160 gold pieces
 18697 | Orc:2    | Bought the +0 mask of the Dragon {Will+ Slay+3 SInv} for
                  | 835 gold pieces
 18697 | Orc:2    | Found the +0 mask of the Dragon {Will+ Slay+3 SInv}
 18757 | Orc:2    | Found a shimmering blue altar of Sif Muna.
 19217 | Spider:1 | Entered Level 1 of the Spider Nest
 19490 | Spider:1 | Identified the dragon-blood talisman of the Battered
                  | Portals {rF- rC++ Will+++ Dex-4}
 19532 | Spider:1 | Noticed Nikola
 19542 | Spider:1 | Killed Nikola
 19725 | Spider:1 | Received a gift from Trog
 19962 | Spider:2 | Noticed Arachne
 19979 | Spider:2 | Killed Arachne
 19980 | Spider:2 | Reached skill level 10 in Armour
 19980 | Spider:2 | Reached XP level 17. HP: 101/103 MP: 24/26
 20142 | Spider:2 | Identified the serpent talisman of Imasaj {Will+ Int+3
                  | Dex-2}
 20142 | Spider:2 | Noticed Aizul
 20157 | Spider:2 | Killed Aizul
 20756 | Spider:2 | Reached skill level 12 in Invocations
 21382 | Spider:3 | Found a large runed translucent door.
 21382 | Spider:3 | Found a large runed translucent door.
 21385 | Spider:3 | Noticed Beorghan's ghost (adept MiBe)
 21402 | Spider:3 | Killed Beorghan's ghost
 21404 | Spider:3 | Identified the +0 leather armour of Lugonu's Generosity
                  | {Int+4}
 21658 | Spider:3 | Identified the +8 mace "Beastslayer" {venom, +Blink rC+ rN+
                  | Dex-3}
 21779 | Spider:4 | Entered Level 4 of the Spider Nest
 21862 | Spider:4 | Received a gift from Trog
 21920 | Spider:4 | Noticed Louise
 21942 | Spider:4 | Killed Louise
 22021 | Spider:4 | Noticed Agnes
 22029 | Spider:4 | Killed Agnes
 22066 | Spider:4 | Noticed Roxanne
 22190 | Spider:3 | Reached XP level 18. HP: 98/110 MP: 28/28
 22289 | Spider:4 | Noticed Donald
 22300 | Spider:4 | Killed Donald
 22354 | Spider:4 | Received a gift from Trog
 22421 | Spider:4 | Got a gossamer rune of Zot
 22925 | Elf:1    | Entered Level 1 of the Elven Halls
 22938 | Elf:1    | Reached skill level 13 in Invocations
 23057 | Elf:1    | Found a crumbling gateway.
 23059 | Elf:1    | Found a glowing golden altar of the Shining One.
 23059 | Elf:1    | Found a white marble altar of Elyvilon.
 23059 | Elf:1    | Found a glowing silver altar of Zin.
 23092 | Desolati | Entered the Desolation of Salt
 23243 | Desolati | Identified the +3 rapier of Neus {flame, rElec rC+ Int-5}
                  | (Trog gifted it to you in the Desolation of Salt)
 23243 | Desolati | Received a gift from Trog
 23358 | Desolati | Identified the ring "Onkiciv" {rC+ rCorr Str-5 Int+4}
 23360 | Desolati | Identified the ring "Kelaaf Ihou" {+Blink rC- AC+4 Str-5
                  | Slay+6}
 23369 | Desolati | Identified the +8 rapier of Cade {pain, *Corrode rElec rN+}
 23433 | Desolati | Found the +3 pair of mountain boots {steadfast, rC+}
 23490 | Desolati | Identified the +6 mace "Silom" {spect, *Slow rN+ Str+5}
 23494 | Desolati | Identified the +1 cloak "Paskasakk" {Str+2 Int+4}
 23572 | Desolati | Received a gift from Trog
 23594 | Desolati | Identified the ring of Wusie {rElec rPois rF- rC+}
 23891 | Elf:1    | Reached XP level 19. HP: 116/116 MP: 30/30
 24400 | Elf:2    | Received a gift from Trog
 24419 | Elf:2    | Found a flickering gateway to a bazaar.
 24450 | Bazaar   | Entered a bazaar
 24453 | Bazaar   | Found Veof's Weapon Shop.
 24466 | Bazaar   | Found Ytilyum's Distillery.
 24481 | Bazaar   | Found Bosato's Assorted Antiques.
 24511 | Bazaar   | Found Baesto's Antique Armour Boutique.
 24552 | Bazaar   | Bought a dazzling chain mail for 218 gold pieces
 24552 | Bazaar   | Identified the +4 chain mail "Dutyufasm" {+Inv Int+3} (You
                  | bought it in a shop in a bazaar)
 24555 | Bazaar   | Bought a scroll of enchant armour for 172 gold pieces
 24568 | Bazaar   | Bought a potion of mutation for 96 gold pieces
 24594 | Elf:2    | Identified the +9 mace of Mefeac {flame, rC- Will++ Int+3
                  | Dex+4}
 24611 | Elf:2    | Found a runed translucent gate.
 24611 | Elf:2    | Found a runed translucent gate.
 24611 | Elf:2    | Found a runed translucent gate.
 24613 | Elf:2    | Identified the +10 long sword of the Blowfly {elec, Int+2}
 25003 | Elf:2    | Reached skill level 14 in Invocations
 25354 | Elf:3    | Entered Level 3 of the Elven Halls
 25602 | Elf:3    | Received a gift from Trog
 25675 | Elf:3    | Identified the +0 trident "Bucrodwe" {freeze, +Blink rC+}
 25675 | Elf:3    | Identified the ring "Omoah" {Will- rCorr EV+5 Str-3 Dex+7}
 25750 | Elf:3    | Identified the +0 robe "Ivuczuel" {-Cast Rampage rF+}
 25760 | Elf:3    | Identified the +0 sling "Penoz" {heavy, rF- MP-9 Int+8
                  | SInv}
 25763 | Elf:3    | Found the +7 great mace "Undeadhunter" {deathbane, rN+}
 25769 | Elf:3    | Found the +8 mithril axe "Arga" {speed, Will+}
 25775 | Elf:3    | Identified the +6 ice dragon scales of the Monkey {rF- rC++
                  | Int+2}
 25851 | Elf:3    | Fell from the grace of Trog
 26152 | Temple   | Became a worshipper of Uskayaw the Reveller
 26409 | Elf:3    | Reached * piety under Uskayaw
 26467 | Elf:3    | Reached ** piety under Uskayaw
 26566 | Elf:3    | Reached XP level 20. HP: 123/123 MP: 31/31
 26638 | Elf:3    | Reached *** piety under Uskayaw
 26650 | Elf:3    | Reached **** piety under Uskayaw
 26654 | Elf:3    | Reached ***** piety under Uskayaw
 27162 | Shoals:1 | Entered Level 1 of the Shoals
 27202 | Shoals:1 | Reached skill level 15 in Fighting
 27291 | Shoals:1 | Found a flickering gateway to a bazaar.
 27312 | Bazaar   | Entered a bazaar
 27312 | Bazaar   | Found Toeh Migg's Antique Armour Shoppe.
 27312 | Bazaar   | Found Wod Pog's Antique Weapon Boutique.
 27312 | Bazaar   | Found Foewosin's Book Shoppe.
 27312 | Bazaar   | Found Roptyhist's Armour Shop.
 27499 | Shoals:1 | Found Tonowo's Weapon Boutique.
 27526 | Shoals:1 | Reached skill level 1 in Stealth
 27526 | Shoals:1 | Reached ****** piety under Uskayaw
 27542 | Shoals:1 | Reached XP level 21. HP: 94/128 MP: 33/33
 27898 | Shoals:2 | Reached skill level 15 in Invocations
 27950 | Shoals:2 | Paralysed by Trog for 5 turns
 27990 | Shoals:2 | Found a hide-covered altar of Uskayaw.
 27997 | Shoals:2 | Reached skill level 5 in Stealth
 28346 | Shoals:2 | Found the +6 arbalest "Damnation" {damnation}
 28634 | Shoals:3 | Found a runed translucent gate.
 28634 | Shoals:3 | Found a runed translucent gate.
 28634 | Shoals:3 | Found a runed translucent gate.
 28639 | Shoals:3 | Noticed Tinttamiau's ghost (adept FeSu)
 28639 | Shoals:3 | Noticed kalagan's ghost (adept DECj)
 28842 | Shoals:3 | Found a snail-covered altar of Cheibriados.
 29132 | Shoals:4 | Entered Level 4 of the Shoals
 29166 | Shoals:4 | Found a white marble altar of Elyvilon.
 29352 | Shoals:4 | Found a glowing golden altar of the Shining One.
 29403 | Shoals:4 | Identified the +0 leather armour of Inevitability {Harm}
 29580 | Shoals:4 | Found a glowing silver altar of Zin.
 29603 | Shoals:4 | Reached XP level 22. HP: 135/135 MP: 34/34
 29690 | Shoals:4 | Got a barnacled rune of Zot
 29894 | D:11     | Paralysed by Trog for 4 turns
 29947 | Vaults:1 | Entered Level 1 of the Vaults
 30272 | Vaults:1 | Reached skill level 15 in Shields
 30997 | Vaults:2 | Found a runed translucent gate.
 30997 | Vaults:2 | Found a runed translucent gate.
 30998 | Vaults:2 | Found a runed translucent gate.
 31088 | Vaults:2 | Reached skill level 16 in Invocations
 31127 | Vaults:2 | Found a staircase to the Crypt.
 31168 | Vaults:2 | Found Zoschun's Jewellery Boutique.
 31941 | Vaults:2 | Reached skill level 15 in Dodging
 32138 | Vaults:2 | Found a runed translucent gate.
 32138 | Vaults:2 | Found a runed translucent gate.
 32143 | Vaults:2 | Noticed Synox's ghost (legendary FoFi)
 32146 | Vaults:2 | Found a runed translucent gate.
 32172 | Vaults:2 | Killed Synox's ghost
 32183 | Vaults:2 | Identified the +2 pair of gloves of the Maze {rPois Will+
                  | rCorr Str+3}
 32444 | D:2      | Learned a level 1 spell: Apportation
 32945 | Vaults:3 | Reached XP level 23. HP: 141/141 MP: 36/36
 33046 | Vaults:3 | Found Buleaj's Armour Emporium.
 33775 | Vaults:4 | Acquired 945 gold pieces
 33777 | Vaults:4 | Acquired a manual of Shields
 34191 | Vaults:4 | Reached skill level 17 in Invocations
 34367 | Vaults:4 | Noticed Xtahua
 34376 | Vaults:4 | Killed Xtahua
 34651 | Vaults:5 | Entered Level 5 of the Vaults
 34668 | Vaults:5 | Identified the amulet "Qonausua" {rN+ Regen+ Str+2 Dex+2
                  | SInv}
 34719 | Vaults:5 | Reached XP level 24. HP: 114/149 MP: 36/36
 34769 | Vaults:5 | Identified the ring "Jizoiliq" {rElec rPois Will+ Stlth+}
 34771 | Vaults:5 | Identified the ring "Ohu Yhopt" {rC+ Str-2 Int+5 Dex+3
                  | Slay+6}
 34787 | Vaults:5 | Identified the +2 broad axe of Crusades {drain, Stlth+}
 34822 | Vaults:5 | Identified the +4 morningstar of Fortitude {flame, rF++}
 34843 | Vaults:5 | Identified the +10 flail "Buttaelu" {freeze, Str+3}
 34854 | Vaults:5 | Identified the staff of Tugoimoop {*Slow rPois rC+ Str+5
                  | Alchemy}
 35027 | Vaults:5 | Reached skill level 15 in Armour
 35081 | Vaults:5 | Found Olyrgh's Magic Scroll Shoppe.
 35087 | Vaults:5 | Bought a scroll of enchant armour for 142 gold pieces
 35087 | Vaults:5 | Bought a scroll of summoning for 180 gold pieces
 35112 | Vaults:5 | Noticed a dread lich
 35115 | Vaults:5 | Killed a dread lich
 35120 | Vaults:5 | Got a silver rune of Zot
 35127 | Vaults:5 | Noticed an ancient lich
 35128 | Vaults:5 | Found Pytenof's Magic Scroll Boutique.
 35133 | Vaults:5 | Killed an ancient lich
 35140 | Vaults:5 | Bought a scroll of teleportation for 45 gold pieces
 35140 | Vaults:5 | Bought a scroll of teleportation for 45 gold pieces
 35140 | Vaults:5 | Bought a scroll of fear for 60 gold pieces
 35268 | Vaults:5 | Identified the +0 flail "Uregaboga" {drain, rElec rC-
                  | Stlth+}
 35537 | Vaults:5 | Identified the +0 plate armour of Free Expression {Rampage}
 36056 | Crypt:1  | Entered Level 1 of the Crypt
 36195 | Crypt:1  | Noticed Vv
 36205 | Crypt:1  | Killed Vv
 36206 | Crypt:1  | Reached skill level 18 in Invocations
 36316 | Crypt:1  | Identified the +0 robe of Pofownos {Dex+2}
 37116 | Crypt:1  | Was forgiven by Trog
 37506 | Crypt:2  | Reached XP level 25. HP: 156/156 MP: 37/37
 37677 | Crypt:2  | Found a basalt altar of Yredelemnul.
 37810 | Crypt:2  | Identified the +8 whip of Gaub {heavy, Int+4 Dex-5 SInv}
 38013 | Crypt:2  | Identified the +1 robe "Mauguas" {rF+ rN++ Archmagi}
 38384 | Crypt:3  | Entered Level 3 of the Crypt
 38514 | Crypt:3  | Found an ancient bone altar of Kikubaaqudgha.
 38641 | Crypt:3  | Noticed Jory
 38654 | Crypt:3  | Killed Jory
 39272 | Crypt:3  | Found a staircase to the Tomb.
 39543 | Crypt:3  | Noticed an ancient lich
 39543 | Crypt:3  | Noticed a dread lich
 39550 | Crypt:3  | Killed a dread lich
 39552 | Crypt:3  | Killed an ancient lich
 39553 | Crypt:3  | Reached skill level 19 in Invocations
 39561 | Crypt:3  | Identified the ring "Petsyag" {rPois rC+ rN+}
 39561 | Crypt:3  | Identified the ring "Gowuec" {rN+ Str+6}
 39572 | Crypt:3  | Identified the +6 mace "Bigo" {drain, Str+3}
 40036 | Depths:1 | Entered Level 1 of the Depths
 40202 | Orc:2    | Bought a scroll of fog for 100 gold pieces
 40202 | Orc:2    | Bought a scroll of teleportation for 75 gold pieces
 40202 | Orc:2    | Bought a scroll of revelation for 187 gold pieces
 40202 | Orc:2    | Bought a potion of mutation for 200 gold pieces
 40207 | Orc:2    | Bought a potion of mutation for 128 gold pieces
 40969 | Depths:1 | Found a gateway to Hell.
 41205 | Depths:2 | Reached XP level 26. HP: 161/161 MP: 36/37
 41314 | Depths:2 | Found a one-way gate leading to the halls of Pandemonium.
 41339 | Depths:2 | Identified the +4 falchion "Qetuc" {flame, rF+ Str+3}
 41517 | Depths:2 | Noticed Saint Roka
 41536 | Depths:2 | Killed Saint Roka
 41588 | Depths:2 | Noticed a juggernaut
 41596 | Depths:2 | Killed a juggernaut
 42168 | Depths:3 | Noticed Margery
 42179 | Depths:3 | Killed Margery
 42181 | Depths:3 | Killed the ghostly Margery
 42242 | Depths:3 | Noticed Boris
 42249 | Depths:3 | Noticed Mara
 42252 | Depths:3 | Killed Boris
 42254 | Depths:3 | Killed Mara
 42338 | Depths:3 | Found a radiant altar of Vehumet.
 42349 | Depths:3 | Reached skill level 20 in Invocations
 42486 | Depths:3 | Found a shadowy altar of Dithmenos.
 42513 | Depths:3 | Noticed Mennas
 42525 | Depths:3 | Killed Mennas
 42574 | Depths:3 | Found a one-way gate to the infinite horrors of the Abyss.
 43033 | Depths:4 | Entered Level 4 of the Depths
 43237 | Depths:4 | Found a gate to the Realm of Zot.
 43242 | Depths:4 | Got a midnight gem with 278 turns to spare
 43689 | Depths:4 | Found a one-way gateway to a ziggurat.
 43750 | Depths:4 | Reached XP level 27. HP: 166/166 MP: 38/38
 43963 | Depths:4 | Found a hazy altar of Hepliaklqana.
 44292 | Zot:1    | Entered Level 1 of the Realm of Zot
 44371 | Zot:1    | Found a runed translucent door.
 44371 | Zot:1    | Noticed Heoriaro's ghost (legendary GnFi)
 44406 | Zot:1    | Killed Heoriaro's ghost
 44412 | Zot:1    | Reached skill level 21 in Invocations
 44844 | Zot:2    | Found a shimmering altar of Xom.
 44844 | Zot:2    | Found a shimmering altar of Xom.
 44844 | Zot:2    | Found a shimmering altar of Xom.
 44844 | Zot:2    | Found a glowing silver altar of Zin.
 44844 | Zot:2    | Found a shimmering altar of Xom.
 44870 | Zot:2    | Found a shimmering altar of Xom.
 45612 | Zot:3    | Noticed an ancient lich
 45684 | Zot:3    | Identified the orb "Cogiul" {guile, rF+ Ice}
 45926 | Zot:3    | Found a transporter.
 45926 | Zot:3    | Noticed an ancient lich
 45929 | Zot:3    | Noticed Toelubet's ghost (veteran CeHu)
 45931 | Zot:3    | Noticed a dread lich
 45951 | Zot:3    | Found the +4 dragonskin cloak
 45951 | Zot:3    | Noticed Tiamat
 45961 | Zot:3    | Killed Tiamat
 46102 | Zot:3    | Identified the ring of Mysticism {*Corrode rElec Will+
                  | Str+3}
 46260 | Zot:3    | Found the +8 longbow "Zephyr" {speed, Dex+3 SInv}
 46370 | Zot:3    | Found a transporter.
 46567 | Zot:4    | Reached skill level 22 in Invocations
 47299 | Zot:5    | Entered Level 5 of the Realm of Zot
 47365 | Zot:5    | Noticed a dread lich
 47375 | Zot:5    | Killed a dread lich
 47390 | Zot:5    | Noticed an ancient lich
 47394 | Zot:5    | Noticed an orb of fire
 47397 | Zot:5    | Noticed an orb of fire
 47397 | Zot:5    | Noticed an orb of fire
 47397 | Zot:5    | Noticed an orb of fire
 47403 | Zot:5    | Noticed an orb of fire
 47406 | Zot:5    | Killed an orb of fire
 47406 | Zot:5    | Gained mutation: Your magical capacity is low. (-10% MP)
                  | [an orb of fire]
 47407 | Zot:5    | Killed an orb of fire
 47412 | Zot:5    | Killed an ancient lich
 47420 | Zot:5    | Killed an orb of fire
 47429 | Zot:5    | Killed an orb of fire
 47435 | Zot:5    | Killed an orb of fire
 47509 | Zot:5    | Got the Orb of Zot
 48078 | D:$      | Escaped with the Orb!

Illustrated notes

##..§≈§≈§..# ##.#####
!..##..k≈≈≈≈≈..##.#..%.<#
≈≈§≈...k≈≈§≈≈≈...#.######.#
≈≈≈≈§≈≈≈≈≈≈≈≈§§....# #.#
≈≈≈≈≈§≈§§§≈≈§§§...# #.#
.≈≈≈≈≈≈≈§§≈≈§....# #.#
...≈≈§≈≈§§≈......# #.#
....§.≈≈.......###########.#
#............[.@.........#.#
#...>.........####.#.###.#.#
..........###.# #.###......#
####....### #.# ##.#.###.###
#....# #.# ##.## #.# #....#
#.# #.# #.# #.#..# #.# #.#
#.# #.#..#####.#####.# #.. #
#..........)...# ###


Turn 8406 on D:10: fly

Levels and vault maps discovered:
D:1:      elethiomel_arrival_maze, layout_rooms
D:2:      layout_loops_ring
D:3:      layout_basic, nicolae_overflow_crystal_walls
D:4:      layout_rooms, mainiacjoe_overflow_cross_hatched, bloody_makhleb,
          minmay_temple_entry_crystal_x, nicolae_ossuary_entry_catacombs,
          hangedman_decor_push, uniq_ijyb, uniq_edmund, uniq_robin
D:5:      layout_loops_ring, uniq_eustachio
D:6:      layout_cave_pods, nicolae_concentric_dashed_squares_wild
D:7:      layout_cave_pods, enter_bailey_2
D:8:      layout_layer_cave, mainiacjoe_overflow_big_doors
D:9:      layout_stronghold, erik_lair_island
D:10:     layout_loops_ring, nicolae_gozag_seed_capital, serial_shops,
          nicolae_shop_just_a_little_nook, minmay_lindwurm_lava, uniq_erica
D:11:     layout_cross, orc_0_dummy, minmay_misc_feat_five, dk_noncrumbling_3,
          corexii_leaking_fountain, einodemon_armed_red_devil_minivault
D:12:     layout_rooms, portal_ice_cave_entry_pillars_2
D:13:     layout_rooms, erik_vaults_1, gauntlet_entry_generic,
          gammafunk_ghost_icy
D:14:     layout_loops_ring, grunt_decor_cap, amcnicky_mini_pool_medium
D:15:     grunt_enter_depths_magical_seal, layout_irregular_city,
          gammafunk_ghost_hive, kennysheep_crisscross, uniq_rupert,
          uniq_josephine, uniq_jorgrun
Temple:   nicolae_temple_superstar
Lair:1:   layout_misc_corridors, uniq_joseph, uniq_harold
Lair:2:   layout_chaotic_city, minmay_shoals_entry_hut,
          nicolae_spider_entry_tight_spaces, lemuel_fruit_fields
Lair:3:   minmay_lair_oklob_chamber, layout_misc_corridors,
          gammafunk_ghost_ooze, serial_bayou_shore_a
Lair:4:   layout_cave_pods, slime_entry_1
Lair:5:   cheibrodos_lair_end_hotspot, layout_long_grid, evilmike_ambush
          [evilmike_ambush_outer_doors, evilmike_ambush_inner_basic]
Shoals:1: nicolae_shoals_aurelia_aurita, layout_shoals, serial_shops,
          bzr_entry_water, nicolae_shop_window_shopping
Shoals:2: layout_shoals, regret_index_shoals_crete
Shoals:3: layout_shoals, gammafunk_ghost_cemetery, lemuel_altar_in_water
Shoals:4: shoals_end_hellmonk_holy_island
Spider:1: nicolae_spider_jumping_over_cracks [nicolae_spider_jumping_sub_lanes,
          nicolae_spider_jumping_sub_pools, nicolae_spider_jumping_sub_rim,
          nicolae_spider_jumping_sub_rim], uniq_nikola
Spider:2: layout_chambers, uniq_arachne, uniq_aizul
Spider:3: layout_spider_delve, ebering_ghost_disaster_area
Spider:4: hellmonk_spider_rune_bug_friends, uniq_agnes, uniq_louise,
          uniq_roxanne, uniq_donald
Orc:1:    layout_caves, serial_shops, shop, basic_altar
Orc:2:    st_orc_rangers, layout_caves, kennysheep_orc_sif_temple, uniq_nessos
Elf:1:    layout_gridlike, portal_desolation_entry_holy_temple,
          nicolae_elf_blasts_and_bolts
Elf:2:    elven_hall_of_blades_hangedman_original [mumra_blade_entry_bloodbath],
          layout_rooms, serial_shops, bzr_entry_customers
Elf:3:    elf_hall, layout_geoelf_diagonals
Vaults:1: minmay_orc_keep, nicolae_vaults_little_squares_1,
          nicolae_vaults_apartment_1, vaults_room_pools, serial_ice_g,
          dpeg_vaults_monster_row, nicolae_vaults_house_1,
          nicolae_vaults_know_your_exits, hangedman_vaults_cutoff,
          layout_vaults_big_room
Vaults:2: ploomutoo_gammafunk_ghost_potion_laboratory, v_misc_18,
          nicolae_vaults_more_shelving_2, v_misc_3, grunt_vaults_funnel,
          v_misc_12, minmay_crypt_entry_nasty_monster, layout_vaults_omnigrid,
          serial_shops, nicolae_shop_tiny_real_fake_doors
Vaults:3: v_misc_32, nicolae_vaults_little_squares_5, st_quartered_hall,
          ontoclasm_vaults_chip, v_alt_pattern_1,
          nicolae_vaults_storage_closets_1, layout_vaults_maze_snakey,
          serial_shops, nicolae_shop_getting_attention
Vaults:4: hangedman_vaults_stretched_pinwheel,
          nicolae_vaults_shipping_containers_5, nicolae_vaults_network_square,
          nicolae_vaults_border_crossing, nicolae_vaults_heart-shaped_vault,
          hangedman_vaults_river_flow, nicolae_vaults_storage_room_doors,
          vaults_mumra_minichess, nicolae_vaults_lightning_bolt,
          layout_vaults_big_cross, uniq_xtahua
Vaults:5: serial_shops
Crypt:1:  layout_catacombs, grunt_megastairs_1, uniq_vv
Crypt:2:  layout_misc_corridors, chequers_big_river, st_stairs_4,
          roadster_capsule_ark_zombie
Crypt:3:  evilmike_haunted_forest, uniq_jory
Depths:1: layout_roguey, hell_entry, roderic_lattice_a,
          chequers_serial_rivers_room_a, minmay_the_grid_square_5x5_3x3_mashed
          [minmay_the_grid_square_5x5_three,
          minmay_the_grid_square_5x5_beaten_path,
          minmay_the_grid_square_5x5_spiral_small,
          minmay_the_grid_square_5x5_empty,
          minmay_the_grid_square_5x5_megaprize_checkered,
          minmay_the_grid_square_5x5_two_walls_b,
          minmay_the_grid_square_5x5_inverted_slash,
          minmay_the_grid_square_5x5_z, minmay_the_grid_square_5x5_n]
Depths:2: hangedman_arch_fort, layout_cave_shapes, serial_rivers,
          chequers_serial_rivers_micro_d, chequers_serial_rivers_large_b,
          chequers_serial_rivers_small_b, chequers_serial_rivers_micro_e,
          chequers_serial_rivers_small_b, chequers_serial_rivers_micro_b,
          rand_demon_pan_entry_1, hangedman_coc_ice_floe, minivault_11,
          uniq_saint_roka
Depths:3: grunt_house_of_mirrors, layout_cave_pools, abyss_entry,
          serial_column_ruins, column_ruins_portal_astroid,
          column_ruins_columns_straight, column_ruins_open_medium,
          column_ruins_corridor_straight, column_ruins_corridor_straight,
          hell_entry, nicolae_vehumet_radiance, nicolae_dithmenos_the_darkroom,
          infiniplex_staircase_squiggle, uniq_mara, uniq_mennas, uniq_boris,
          uniq_margery
Depths:4: evilmike_zot_entry_diamond, layout_basic, enter_ziggurat_a,
          abyss_entry, nzn_hepliaklqana_mist_gate, hell_entry,
          grunt_ministairs_8
Zot:1:    grunt_twist_and_shout, layout_onion, hellmonk_ghost_happy_afterlife
Zot:2:    dreamdust_zin_vs_xom, layout_twisted_circle,
          regret_index_zotdec_serpentine_scales
Zot:3:    evilmike_crystal_ball_defense, layout_onion,
          gammafunk_ghost_mausoleum, st_large_dragon_hoard_3, uniq_tiamat,
          uniq_josephina
Zot:4:    kennysheep_oblong_rooms, layout_onion
Zot:5:    layout_cathedral_of_symmetry

Skill      XL: |  1  2  3  4  5  6  7  8  9 10 11 12 13 14 15 16 17 18 19 20 21 22 23 24 25 26 27 |
---------------+----------------------------------------------------------------------------------+-----
Short Blades   | 3 4 5 6 7 8 10 11 12 13 14 | 14.0
Invocations    | 1 2 3 5 6 7 8 9 10 11 12 13 14 15 16 17 18 19 20 22 | 22.0
Armour         | 2 3 5 6 7 8 9 10 11 12 13 14 15 16 17 20 | 20.1
Fighting       | 3 4 5 6 7 8 9 10 11 12 13 14 15 16 17 18 19 | 19.0
Evocations     | 2 4 5 |  5.0
Dodging        | 2 3 5 6 8 9 11 12 13 14 15 16 17 18 20 | 20.8
Shields        | 3 6 9 11 12 13 14 15 16 18 20 | 20.1
Stealth        | 3 8 |  8.0

Action                     |  1- 3 |  4- 6 |  7- 9 | 10-12 | 13-15 | 16-18 | 19-21 | 22-24 | 25-27 || total
---------------------------+-------+-------+-------+-------+-------+-------+-------+-------+-------++-------
  Melee: Short sword       |   127 |   167 |   428 |       |       |       |       |       |       ||   722
         Bite              |    32 |    58 |   209 |   369 |   784 |  1048 |   491 |  1004 |  1616 ||  5611
         Punch             |     2 |     2 |     6 |     2 |       |       |       |       |       ||    12
         Quick blade       |       |       |   207 |   838 |  1777 |  2187 |  1145 |  1707 |  2492 || 10353
  Throw: Dart              |       |     2 |       |       |     1 |     7 |       |       |       ||    10
   Cast: Apportation       |       |       |       |       |       |       |       |     7 |       ||     7
 Invoke: Berserk           |     1 |     3 |     4 |     5 |     6 |     2 |       |       |       ||    21
         Brothers in Arms  |       |       |     1 |     1 |     1 |     4 |       |       |       ||     7
         Trog's Hand       |       |       |       |       |     3 |     4 |     5 |       |       ||    12
         Renounce Religion |       |       |       |       |       |       |     1 |       |       ||     1
         Grand Finale      |       |       |       |       |       |       |     1 |       |     4 ||     5
         Stomp             |       |       |       |       |       |       |       |       |     8 ||     8
  Evoke: Wand              |       |       |     2 |    15 |       |     3 |    12 |       |       ||    32
         Lightning rod     |       |       |       |       |       |       |     4 |       |       ||     4
    Use: Scroll            |     1 |       |    11 |     9 |    13 |    10 |     6 |     2 |    21 ||    73
         Potion            |       |       |     6 |     1 |     1 |     2 |     2 |     1 |     6 ||    19
   Stab: Invisible         |       |       |     1 |       |     2 |       |       |       |       ||     3
         Distracted        |       |       |       |       |     1 |     1 |       |     1 |     2 ||     5
         Paralysed         |       |       |       |       |       |     1 |    46 |   156 |   140 ||   343
         Sleeping          |       |       |       |       |       |       |       |     5 |     8 ||    13
 Armour: Plate armour      |    84 |   105 |   433 |   205 |   181 |   360 |   208 |   170 |       ||  1746
         Animal skin       |       |       |       |     4 |    29 |       |       |       |       ||    33
         Pearl dragon scal |       |       |       |       |       |       |       |    65 |   326 ||   391
  Dodge: Dodged            |    20 |    23 |   194 |   247 |   267 |   296 |   107 |   156 |   268 ||  1578
  Block: Other             |       |       |       |    11 |     1 |       |       |       |       ||    12
         Tower shield      |       |       |       |       |   678 |  1424 |   752 |   976 |  1175 ||  5005
         Reflection        |       |       |       |       |    14 |    84 |   133 |    82 |       ||   313
